 Dungeon Sprint DCSS version 0.30-a0-948-g4fa250aae5 (webtiles) character file.

Game seed: 559235865021075834

203 fozzywoppz the Insei (level 5, 0/39 HPs)
             Began as an Octopode Transmuter on Mar 26, 2023.
             Was an Initiate of Jiyva.
             Slain by a shadow (28 damage)
             ... in the Dungeon (Sprint IX: "|||||||||||||||||||||||||||||").
             The game lasted 00:03:37 (215 turns).

fozzywoppz the Insei (Octopode Transmuter)           Turns: 215, Time: 00:03:38

Health: 0/39       AC:  3    Str: 12    XL:     5   Next: 81%
Magic:  9/11       EV: 15    Int: 15    God:    Jiyva [......]
Gold:   0          SH:  0    Dex: 15    Spells: 6/12 levels left

rFire   . . .      SeeInvis .      - Unarmed
rCold   . . .      Faith    .    (no shield)
rNeg    . . .      Spirit   .    (helmet currently unavailable)
rPois   .          Reflect  .    (no amulet)
rElec   .          Rampage  .    k - +2 ring of protection
rCorr   .          NoTele   +    l - +3 ring of dexterity
Will    .....                    (no ring)
Stlth   ++                       (no ring)
HPRegen 0.26/turn                (no ring)
MPRegen 0.12/turn                (no ring)
                                 (no ring)
                                 (no ring)

@: appendages (expiring)
A: tentacle spike 3, almost no armour, amphibious, 8 rings, camouflage 1,
gelatinous body 1, (nimble swimmer 1), tentacles
a: End Transformation, Renounce Religion


You were in the Dungeon.
You worshipped Jiyva.
Jiyva was noncommittal.
One of your tentacles had grown a beastly spike.
You visited 1 branch

Inventory:

Jewellery
 k - a +2 ring of protection (left tentacle)
 l - a +3 ring of dexterity (right tentacle)
Wands
 j - a wand of light (8)
Scrolls
 g - 2 scrolls of blinking
 i - 2 scrolls of amnesia
Potions
 a - a potion of lignification
 b - a potion of invisibility
 c - 2 potions of heal wounds
 d - a potion of haste
 e - 4 potions of magic
 f - a potion of berserk rage
 h - 4 potions of curing


   Skills:
 - Level 5.0 Fighting
 - Level 6.0 Dodging
 + Level 6.2 Unarmed Combat
 - Level 4.0 Spellcasting
 + Level 5.8 Transmutations


You had 6 spell levels left.
You knew the following spells:

 Your Spells              Type           Power      Damage    Failure   Level
a - Beastly Appendage     Tmut           40%        N/A       1%          1
b - Wereblood             Tmut           20%        N/A       2%          2
c - Spider Form           Tmut/Pois      11%        N/A       17%         3

Your spell library contained the following spells:

 Spells                   Type           Power      Damage    Failure   Level
 Ice Form                 Ice/Tmut       11%        N/A       50%         4


Dungeon Overview and Level Annotations

Branches:
Dungeon (1/1)

Altars:
Cheibriados
Dithmenos
Elyvilon
Fedhas
Gozag
Hepliaklqana
Kikubaaqudgha
Makhleb
Nemelex Xobeh
Okawaru
Qazlal
Ru
Sif Muna
Trog
Uskayaw
Vehumet
Wu Jian
Xom
Yredelemnul
Zin
The Shining One
Jiyva
Lugonu


Innate Abilities, Weirdness & Mutations

One of your tentacles has grown a beastly spike.
You cannot wear most types of armour.
You are amphibious.
You can wear up to eight rings at the same time.
Your skin changes colour to match your surroundings (Stealth+).
Your rubbery body absorbs attacks. (AC +1, EV +1)
((You are camouflaged when in or above water. (Stealth+)))
You have tentacles for arms and can constrict up to eight enemies at once.


Message History

Press: ? - help, Shift-Dir - straight line, f - two-headed ogre
Aim: a two-headed ogre, wielding two +0 giant clubs (86% to hit)
The bolt of light hits the shadow!
The shadow is heavily damaged.
The bolt of light hits the two-headed ogre!
The two-headed ogre is moderately wounded.
The bolt of light hits the yak.
The yak is lightly wounded.
The yak is blinded.
The bolt of light misses the two-headed ogre.
The shadow barely misses you.
You tentacle-slap the shadow but do no damage.
Your tentacle spike misses the shadow.
The shadow is heavily damaged.
The two-headed ogre is no longer blind.
The shadow misses you.
You tentacle-slap the shadow but do no damage.
Your tentacle spike misses the shadow.
You squeeze the shadow, but do no damage.
The shadow is heavily damaged.
Your transformation is almost over.
The shadow completely misses you.
You barely miss the shadow.
You pierce the shadow, but do no damage.
You tentacle-slap the shadow, but do no damage.
You squeeze the shadow.
The shadow is severely damaged.
You tentacle-slap the shadow but do no damage.
The shadow is severely damaged.
The shadow hits you!
The howler monkey hoots and howls with incredible vigour!
You hear a horrible gurgling sound!
You barely miss the shadow.
The shadow is severely damaged.
The shadow slips into darkness.
The shadow flickers and vanishes!
Deactivating autopickup; reactivate with Ctrl-A.
You miss something. Your squeeze misses something.
The shadow strikes at you from the darkness!
Ouch! That really hurt!
You die...

▓.▓
▓.▓
▓h▓
▓O▓
▓Y▓
▓O▓
▓{▓
▓@▓
▓.▓
▓[▓
▓[▓
▓.▓
▓.▓
▓)▓
▓.▓
▓.▓


You could see 2 two-headed ogres, a yak (blind) and a howler monkey.

Vanquished Creatures
  A shadow (D)
  A hound (D)
  3 adders (D)
  An endoplasm (D)
  A giant cockroach (D)
  2 goblins (D)
  2 quokkas (D)
11 creatures vanquished.

Vanquished Creatures (others)
  2 slime creatures (D)
2 creatures vanquished.

Grand Total: 13 creatures vanquished

Notes
Turn   | Place    | Note
-------+----------+-------------------------------------------
     0 | D        | fozzywoppz the Octopode Transmuter began the quest for the
                  | Orb.
     0 | D        | Reached XP level 1. HP: 13/13 MP: 3/3
    31 | D        | Noticed a hound
    36 | D        | Reached XP level 2. HP: 6/19 MP: 3/5
    50 | D        | Reached XP level 3. HP: 18/25 MP: 4/7
    58 | D        | Reached XP level 4. HP: 12/31 MP: 5/9
    63 | D        | Found a snail-covered altar of Cheibriados.
    63 | D        | Found a shadowy altar of Dithmenos.
    63 | D        | Found a white marble altar of Elyvilon.
    63 | D        | Found a blossoming altar of Fedhas.
    63 | D        | Found an opulent altar of Gozag.
    64 | D        | Found a hazy altar of Hepliaklqana.
    65 | D        | Found a viscous altar of Jiyva.
    66 | D        | Found an ancient bone altar of Kikubaaqudgha.
    67 | D        | Found a corrupted altar of Lugonu.
    68 | D        | Found a burning altar of Makhleb.
    93 | D        | Found a sparkling altar of Nemelex Xobeh.
    94 | D        | Found an iron altar of Okawaru.
    95 | D        | Found a stormy altar of Qazlal.
    96 | D        | Found a sacrificial altar of Ru.
    97 | D        | Found a shimmering blue altar of Sif Muna.
    98 | D        | Found a bloodstained altar of Trog.
    99 | D        | Found a hide-covered altar of Uskayaw.
   100 | D        | Found a radiant altar of Vehumet.
   101 | D        | Found an ornate altar of the Wu Jian Council.
   102 | D        | Found a shimmering altar of Xom.
   103 | D        | Found a basalt altar of Yredelemnul.
   104 | D        | Found a glowing silver altar of Zin.
   105 | D        | Found a glowing golden altar of the Shining One.
   167 | D        | Became a worshipper of Jiyva Janwa the Shapeless
   169 | D        | Killed a slime creature
   169 | D        | Killed a slime creature
   196 | D        | Learned a level 2 spell: Wereblood
   201 | D        | Learned a level 3 spell: Spider Form
   202 | D        | Noticed a two-headed ogre
   202 | D        | Noticed a yak
   202 | D        | Noticed a two-headed ogre
   202 | D        | Noticed a shadow
   202 | D        | Noticed a shadow
   208 | D        | Killed a shadow
   209 | D        | Reached skill level 5 in Fighting
   209 | D        | Reached skill level 5 in Transmutations
   209 | D        | Reached XP level 5. HP: 39/39 MP: 8/11
   215 | D        | Slain by a shadow

Illustrated notes

Levels and vault maps discovered:
D:        linesprint [early_d, line_temple, items_1, d_10, items_2, lair_1,
          lair_end, items_3, orc_1, orc_end, items_4, d_15, swamp_1, shoals_1,
          snake_1, spider_1, d_20, vaults_1, items_5, swamp_end, shoals_end,
          snake_end, spider_end, vaults_end, d_27, items_6, zot_1, zot_end,
          crypt_end, forest_end, elf_end, slime_end, tomb_end, abyss_end,
          pan_hell_end]

Skill      XL: |  1  2  3  4 |
---------------+-------------+-----
Fighting       | 2 3 5 |  5.0
Dodging        | 3 6 |  6.0
Transmutations | 3 5 |  5.8
Spellcasting   | 3 4 |  4.0
Unarmed Combat | 4 6 |  6.2

Action                     |  1- 3 |  4- 6 || total
---------------------------+-------+-------++-------
  Melee: Unarmed           |    32 |    11 ||    43
         Constrict         |     5 |       ||     5
         Kick              |     4 |     3 ||     7
         Tentacles         |     3 |     3 ||     6
         Punch             |       |     1 ||     1
   Cast: Beastly Appendage |     2 |     1 ||     3
  Evoke: Wand              |       |     2 ||     2
    Use: Potion            |     2 |       ||     2
 Armour: Skin              |     2 |       ||     2
  Dodge: Dodged            |    20 |     6 ||    26

Table legend: (Time is in decaauts)
 A = Elapsed time spent in this place.
 B = Non-inter-level travel time spent in this place.
 C = Inter-level travel time spent in this place.
 D = Time resting spent in this place.
 E = Time spent auto-exploring this place.
 F = Levels seen in this place.
 G = Mean time per level.
                   A        B        C        D        E       F      G
               +--------+--------+--------+--------+--------+-----+--------+
         Total |    211 |    211 |      0 |     30 |      0 |   1 |  211.0 |
       Dungeon |    211 |    211 |      0 |     30 |      0 |   1 |  211.0 |
               +--------+--------+--------+--------+--------+-----+--------+

Top non-repeatable levels by time:
       D: 211 daAuts
